 Dungeon Crawl Stone Soup version 0.30-a0-371-gad7725a93e (webtiles) character file.

Game seed: 7272795609424260

501 wzrd the Trooper (level 6, 0/57 HPs)
             Began as a Minotaur Berserker on Nov 21, 2022.
             Was a Believer of Trog.
             Slain by a lemure (1 damage)
             ... led by Pikel
             ... on level 4 of the Dungeon on Nov 24, 2022.
             The game lasted 00:06:21 (3072 turns).

wzrd the Trooper (Minotaur Berserker)               Turns: 3072, Time: 00:06:22

Health: 0/57       AC: 15    Str: 27    XL:     6   Next: 95%
Magic:  5/5        EV: 12    Int:  4    God:    Trog [**....]
Gold:   209        SH:  0    Dex:  9    Spells: 5/5 levels left

rFire   + . .      SeeInvis .    w - +2 flail (protect)
rCold   . . .      Faith    .    (no shield)
rNeg    . . .      Spirit   .    o - +0 leather armour {rF+}
rPois   .          Reflect  .    (helmet restricted)
rElec   .          Harm     .    r - +0 cloak
rCorr   .          Rampage  .    n - +2 pair of gloves {Str+3}
Will    .....                    (no boots)
Stlth   +.........               (no amulet)
HPRegen 0.29/turn                (no ring)
MPRegen 0.09/turn                (no ring)

@: under a protective aura
A: horns 2, retaliatory headbutt
a: Renounce Religion, Berserk, Trog's Hand


You were on level 4 of the Dungeon.
You worshipped Trog.
Trog was pleased with you.
You visited 1 branch of the dungeon, and saw 4 of its levels.

You collected 209 gold pieces.

Inventory:

Hand Weapons
 a - a +0 mace
 s - a +2 quarterstaff of chaos
 w - a +2 flail of protection (weapon)
Armour
 n - a +2 pair of gloves of strength (worn)
 o - a +0 leather armour of fire resistance (worn)
 r - a +0 cloak (worn)
Scrolls
 b - a scroll of vulnerability {unknown}
 d - 3 scrolls of teleportation {unknown}
 i - a scroll of fear {unknown}
 k - 2 scrolls of enchant weapon {unknown}
 m - a scroll of enchant armour {unknown}
 q - 2 scrolls of blinking {unknown}
 v - a scroll of amnesia {unknown}
 x - 4 scrolls of identify {unknown}
 y - a scroll of butterflies {unknown}
Potions
 c - a potion of might {unknown}
 e - 3 potions of lignification {unknown}
 f - 3 potions of resistance {unknown}
 g - a potion of cancellation {unknown}
 h - a potion of flight {unknown}
 j - 2 potions of heal wounds {unknown}
 l - 3 potions of mutation {unknown}
 p - 2 potions of attraction {unknown}
 t - a potion of ambrosia {unknown}
 u - a potion of magic {unknown}
 z - a potion of berserk rage {unknown}


   Skills:
 + Level 5.7 Fighting
 + Level 5.6 Maces & Flails
 + Level 4.9 Armour
 + Level 4.5 Dodging


You had 5 spell levels left.
You didn't know any spells.
Your spell library was empty.

Dungeon Overview and Level Annotations

Branches:
Dungeon (4/15)
 Temple: D:4-7

Altars:
Kikubaaqudgha

Annotations:
D:4 Pikel


Innate Abilities, Weirdness & Mutations

You have a pair of horns on your head.
You reflexively headbutt those who attack you in melee.


Message History

You barely miss Pikel. Your punch misses Pikel. The lemure closely misses you.
You furiously retaliate!
You headbutt the lemure. You sock the lemure!
Your weapon exudes an aura of protection.
Your headbutt misses the lemure. Your punch misses the lemure.
The lemure is moderately wounded.
Pikel hits you but does no damage.
You are electrocuted!
The lemure hits you but does no damage.
You closely miss the lemure.
The lemure is moderately wounded.
Pikel hits you but does no damage. The lemure hits you.
You hit the lemure. You headbutt the lemure.
The lemure is heavily wounded.
Pikel hits you with a +0 whip of electrocution.
You are electrocuted!
The lemure barely misses you.
You barely miss the lemure.
The lemure is heavily wounded.
Pikel hits you with a +0 whip of electrocution.
The lemure hits you but does no damage.
You barely miss Pikel. Your headbutt misses Pikel.
Pikel hits you but does no damage. The lemure barely misses you.
Pikel hits you with a +0 whip of electrocution.
The lemure completely misses you.
You thump Pikel! Your headbutt misses Pikel.
Pikel is moderately wounded.
Pikel closely misses you. The lemure hits you.
You barely miss Pikel. You headbutt Pikel!
Pikel is heavily wounded.
Pikel hits you but does no damage.
You are electrocuted!!
* * * LOW HITPOINT WARNING * * *
The lemure closely misses you.
You miss Pikel.
Pikel is heavily wounded.
Pikel hits you but does no damage. The lemure hits you but does no damage.
You thump Pikel!
Pikel is severely wounded.
Pikel hits you with a +0 whip of electrocution!
* * * LOW HITPOINT WARNING * * *
The lemure hits you.
You die...

.......#
#.# #.#.#
..######
#.#
##...#.#.#
..
.....#.#.#
#....#.#.#
.......#.#
#....###.#
#55..# #.#
#K55.# #.#
#@######.#
#........#
##########


You could see Pikel and 4 lemures.

Vanquished Creatures
  Sigmund (D:4)
  Edmund (D:4)
  Crazy Yiuf (D:2)
  An orc priest (D:3)
  A hound (D:4)
  An iguana (D:4)
  4 adders
  A worm (D:2)
  3 dart slugs
  5 orcs
  7 endoplasms
  7 giant cockroaches
  6 goblins
  6 hobgoblins
  2 jackals (D:4)
  2 quokkas (D:2)
  4 ball pythons
  4 bats
  5 frilled lizards
  5 kobolds
  5 rats
72 creatures vanquished.

Notes
Turn   | Place    | Note
-------+----------+-------------------------------------------
     0 | D:1      | wzrd the Minotaur Berserker began the quest for the Orb.
     0 | D:1      | Reached XP level 1. HP: 19/19 MP: 0/0
   174 | D:1      | Reached XP level 2. HP: 27/27 MP: 1/1
   427 | D:1      | Reached XP level 3. HP: 24/32 MP: 2/2
   496 | D:1      | Reached ** piety under Trog
   933 | D:2      | Found an ancient bone altar of Kikubaaqudgha.
  1495 | D:2      | Found a runed translucent door.
  1496 | D:2      | Noticed Crazy Yiuf
  1501 | D:2      | Killed Crazy Yiuf
  1502 | D:2      | Reached XP level 4. HP: 41/41 MP: 3/3
  2036 | D:3      | Reached XP level 5. HP: 47/47 MP: 4/4
  2460 | D:4      | Noticed Sigmund
  2470 | D:4      | Reached skill level 5 in Fighting
  2478 | D:4      | Killed Sigmund
  2479 | D:4      | Reached skill level 5 in Maces & Flails
  2479 | D:4      | Reached XP level 6. HP: 54/56 MP: 5/5
  2500 | D:4      | Noticed Edmund
  2505 | D:4      | Killed Edmund
  3059 | D:4      | Noticed Pikel
  3072 | D:4      | HP: 1/57 [Pikel/+0 whip of electrocution (10)]
  3072 | D:4      | Slain by a lemure

Illustrated notes

Levels and vault maps discovered:
D:1:      saegor_arrival_simple_d, layout_basic, grunt_decor_arrowhead,
          minmay_tetromino_l2
D:2:      layout_loops_ring, basic_altar, chequers_serial_rivers_marsh,
          uniq_crazy_yiuf_cottage
D:3:      layout_rooms
D:4:      layout_basic, abandoned_shop, st_stairs_10, uniq_sigmund, uniq_edmund,
          uniq_pikel

Skill      XL: |  1  2  3  4  5 |
---------------+----------------+-----
Fighting       | 4 5 |  5.7
Maces & Flails | 4 5 |  5.6
Armour         | 3 4 |  4.9
Dodging        | 3 4 |  4.5

Action                   |  1- 3 |  4- 6 || total
-------------------------+-------+-------++-------
Melee: Mace              |    74 |       ||    74
       Headbutt          |    11 |    13 ||    24
       Punch             |     1 |       ||     1
       Quarterstaff      |       |    64 ||    64
       Flail             |       |    28 ||    28
Invok: Berserk           |     2 |     2 ||     4
Armor: Animal skin       |    10 |       ||    10
       Leather armour    |     5 |    37 ||    42
Dodge: Dodged            |    53 |    53 ||   106

Table legend: (Time is in decaauts)
 A = Elapsed time spent in this place.
 B = Non-inter-level travel time spent in this place.
 C = Inter-level travel time spent in this place.
 D = Time resting spent in this place.
 E = Time spent auto-exploring this place.
 F = Levels seen in this place.
 G = Mean time per level.
                   A        B        C        D        E       F      G
               +--------+--------+--------+--------+--------+-----+--------+
         Total |   3143 |   2782 |    361 |    438 |   1907 |   4 |  785.8 |
       Dungeon |   3143 |   2782 |    361 |    438 |   1907 |   4 |  785.8 |
               +--------+--------+--------+--------+--------+-----+--------+

Top non-repeatable levels by time:
     D:2: 911 daAuts
     D:1: 888 daAuts
     D:4: 747 daAuts
     D:3: 596 daAuts
